 Dungeon Crawl Stone Soup version 0.31-a0-963-ga325b2283a (webtiles) character file.

Game seed: 5848974127653579913

119 Morbidden the Conjurer (level 4, -4/32 HPs)
             Began as a Demonspawn Conjurer on Oct 25, 2023.
             Slain by Sigmund
             ... wielding a +0 scythe
              (10 damage)
             ... on level 2 of the Dungeon.
             The game lasted 00:02:23 (2037 turns).

Morbidden the Conjurer (Demonspawn Conjurer)        Turns: 2037, Time: 00:02:24

Health: -4/32      AC:  3    Str:  7    XL:     4   Next: 74%
Magic:  0/8        EV: 12    Int: 22    God:
Gold:   193        SH:  0    Dex: 11    Spells: 1/8 levels left

rFire   . . .        a - +1 short sword (drain)
rCold   . . .        (no shield)
rNeg    . . .        e - +0 robe
rPois   .            (helmet restricted)
rElec   .            o - +0 cloak
rCorr   .            (no gloves)
SInv    .            (no boots)
Will    .....        (no amulet)
Stlth   ++           (no ring)
HPRegen 0.25/turn    (no ring)
MPRegen 0.11/turn

%: no passive effects
@: no status effects
A: horns 1, powered by pain 1, demonic touch 1
a: no special abilities


You were on level 2 of the Dungeon.
You visited 1 branch of the dungeon, and saw 2 of its levels.

You collected 193 gold pieces.

Inventory:

Hand Weapons
 a - a +1 short sword of draining (weapon)
Armour
 e - a +0 robe (worn)
 f - a +0 helmet
 o - a +0 cloak (worn)
Talismans
 i - a flux talisman
Scrolls
 d - a scroll of fog {unknown}
 h - a scroll of blinking {unknown}
 j - 3 scrolls of identify {unknown}
 m - 2 scrolls of teleportation {unknown}
Potions
 b - a potion of magic
 c - 2 potions of enlightenment {unknown}
 g - a potion of curing {unknown}
 k - 2 potions of brilliance {unknown}
 l - a potion of cancellation {unknown}
 n - a potion of lignification {unknown}
 p - a potion of degeneration {unknown}
 q - a potion of might {unknown}
 r - a potion of heal wounds {unknown}


   Skills:
 * Level 1.0 Fighting
 + Level 1.4 Short Blades
 * Level 2.3 Dodging
 + Level 2.0 Stealth
 * Level 2.6 Spellcasting
 * Level 4.8 Conjurations


You had one spell level left.
You knew the following spells:

 Your Spells              Type           Power      Damage    Failure   Level
a - Magic Dart            Conj           96%        1d7       1%          1
b - Searing Ray           Conj           48%        2d6       2%          2
z - Iskenderun's Mystic   Conj/Tloc      13%        2d5       43%         4

Your spell library contained the following spells:

 Spells                   Type           Power      Damage    Failure   Level
 Dazzling Flash           Conj/Hex       26%        N/A       14%         3
 Hailstorm                Conj/Ice       13%        3d5       14%         3
 Inner Flame              Hex/Fire       2%         N/A       36%         3
 Fulminant Prism          Conj/Hex       6%         3d6       43%         4
 Summon Ice Beast         Ice/Summ       2%         N/A       77%         4
 Yara's Violent Unravell  Hex/Tmut       1%         3d3       98%         5
 Simulacrum               Ice/Necr       1%         N/A       100%        6
 Enfeeble                 Hex            1%         N/A       100%        7


Dungeon Overview and Level Annotations

Branches:
Dungeon (2/15)

Altars:

Shops:
D:1 :

Annotations:
D:2 1 runed translucent door, Crazy Yiuf, Sigmund


Innate Abilities, Weirdness & Mutations

You have a pair of small horns on your head.
You sometimes gain a little power by taking damage.
Your touch may inflict minor irresistible damage on your foes.


Message History

Sigmund is heavily wounded.
Sigmund mumbles some strange words.
Sigmund flickers and vanishes!
Deactivating autopickup; reactivate with Ctrl-A.
Unknown command.
You hit something. Something hits you!
Unknown command.
You hit something but do no damage. You headbutt something.
You closely miss something. Something hits you.
Unknown command.
You closely miss something. Your touch misses something. Something hits you.
Unknown command.
Casting: Searing Ray (safe; 2% risk of failure)
Confirm with . or Enter, or press ? or * to list all spells.
Aiming: Magic Dart (safe; 1% risk of failure)
Press: ? - help, Shift-Dir - straight line The magic dart hits something but does no damage.
Unknown command.
Casting: Magic Dart (safe; 1% risk of failure)
Confirm with . or Enter, or press ? or * to list all spells.
Aiming: Magic Dart (safe; 1% risk of failure)
Press: ? - help, Shift-Dir - straight line, f - you
Okay, then.
Casting: Magic Dart (safe; 1% risk of failure)
Confirm with . or Enter, or press ? or * to list all spells.
You can't see any susceptible monsters within range! (Use Z to cast anyway.)
You barely miss something. Your headbutt misses something.
You hear some strange, mumbled words.
Something tries to affect you, but you resist.
Unknown command.
Unknown command.
Casting: Magic Dart (safe; 1% risk of failure)
Confirm with . or Enter, or press ? or * to list all spells.
Aiming: Magic Dart (safe; 1% risk of failure)
Press: ? - help, Shift-Dir - straight line The magic dart hits something.
Something hits you!
* * * LOW HITPOINT WARNING * * *
Unknown command.
You hit something. Something hits you!
You die...

.# ##......#### ###.........
.####..##..## .....#.###..#
.##...###.### #............
.##.##....###.# .............
.##.##.###....# .†............
.#.............# ##).............
.#...#.#..#####.#................
.......#.##...##{.# ..........)..
..####...#..)..#@## ..........<..
..##.....#.....#..# ...........†.
###..###.#..[..#..# .............
# #.##[###'.))##..# ......#......
#.#...'.###†#...# .............
#.##.###†##.....# .(..#########
#..#####..##.)..# ....
##....#...(#....# ...
###..#....#....#


There were no monsters in sight!

Vanquished Creatures
  Robin (D:2)
  An adder (D:2)
  4 worms (D:2)
  4 dart slugs
  5 ball pythons
  8 endoplasms
  3 giant cockroaches
  14 goblins
  5 hobgoblins
  4 jackals
  3 quokkas
  7 bats
  A frilled lizard (D:2)
  7 kobolds
  3 rats
70 creatures vanquished.

Notes
Turn   | Place    | Note
-------+----------+-------------------------------------------
     0 | D:1      | Morbidden the Demonspawn Conjurer began the quest for the
                  | Orb.
     0 | D:1      | Reached XP level 1. HP: 13/13 MP: 3/3
   174 | D:1      | Discovered your monstrous ancestry.
   174 | D:1      | Gained mutation: Your touch may inflict minor irresistible
                  | damage on your foes. [demonic ancestry]
   174 | D:1      | Reached XP level 2. HP: 19/19 MP: 0/5
   685 | D:1      | Gained mutation: You sometimes gain a little power by
                  | taking damage. [demonic ancestry]
   685 | D:1      | Reached XP level 3. HP: 24/24 MP: 3/6
   815 | D:1      | Found Ixuijo's Book Emporium.
  1302 | D:2      | Noticed Robin
  1309 | D:2      | Killed Robin
  1310 | D:2      | Reached skill level 1 in Short Blades
  1310 | D:2      | Gained mutation: You have a pair of small horns on your
                  | head. [demonic ancestry]
  1310 | D:2      | Reached XP level 4. HP: 27/31 MP: 4/7
  1786 | D:2      | Found a runed translucent door.
  1787 | D:2      | Noticed Crazy Yiuf
  1901 | D:2      | Reached skill level 1 in Fighting
  1916 | D:2      | Learned a level 2 spell: Searing Ray
  1921 | D:2      | Learned a level 4 spell: Iskenderun's Mystic Blast
  2014 | D:2      | Noticed Sigmund
  2037 | D:2      | Slain by Sigmund

Illustrated notes

Levels and vault maps discovered:
D:1:      dpeg_arrival_simpleton_b, layout_loops_ring, serial_shops, shop,
          st_stairs_4
D:2:      layout_rooms, minmay_joined_circles, uniq_crazy_yiuf_cottage,
          uniq_robin, uniq_sigmund

Skill      XL: |  1  2  3  4 |
---------------+-------------+-----
Dodging        | 2 |  2.3
Stealth        | 2 |  2.0
Short Blades   | 1 |  1.4
Fighting       | 1 |  1.0
Spellcasting   | |  2.6
Conjurations   | |  4.8

Action                     |  1- 3 |  4- 6 || total
---------------------------+-------+-------++-------
  Melee: Short sword       |    53 |    77 ||   130
         Punch             |     1 |       ||     1
         Touch             |     2 |     7 ||     9
         Headbutt          |       |    14 ||    14
   Cast: Magic Dart        |    54 |    18 ||    72
         Searing Ray       |       |     2 ||     2
 Armour: Robe              |    32 |    43 ||    75
  Dodge: Dodged            |    38 |    36 ||    74

Table legend: (Time is in decaauts)
 A = Elapsed time spent in this place.
 B = Non-inter-level travel time spent in this place.
 C = Inter-level travel time spent in this place.
 D = Time resting spent in this place.
 E = Time spent auto-exploring this place.
 F = Levels seen in this place.
 G = Mean time per level.
                   A        B        C        D        E       F      G
               +--------+--------+--------+--------+--------+-----+--------+
         Total |   2031 |   2011 |     20 |    104 |   1507 |   2 | 1015.5 |
       Dungeon |   2031 |   2011 |     20 |    104 |   1507 |   2 | 1015.5 |
               +--------+--------+--------+--------+--------+-----+--------+

Top non-repeatable levels by time:
     D:1: 1026 daAuts
     D:2: 1005 daAuts
